 Dungeon Crawl Stone Soup version 0.32-a0-975-g85d4e5bfdb (webtiles) character file.

Game seed: 7488661407074771264

3833 PriceMaster the Reanimator (level 9, -7/62 HPs)
             Began as a Demonspawn Necromancer on Apr 19, 2024.
             Was an Initiate of Yredelemnul.
             Mangled by a small abomination (17 damage)
             ... on level 7 of the Dungeon on Apr 20, 2024.
             The game lasted 00:18:42 (8670 turns).

PriceMaster the Reanimator (Demonspawn Necromancer) Turns: 8670, Time: 00:18:43

Health: -7/62      AC:  8    Str: 26    XL:     9   Next: 98%
Magic:  20/20      EV: 11    Int: 15    God:    Yredelemnul [......]
Gold:   449        SH:  4    Dex: 13    Spells: 10/23 levels left

rFire   . . .        E - +11 rapier of the Queen {venom, rCorr}
rCold   . . .        (no shield)
rNeg    . . .        d - +0 ring mail
rPois   .            (no helmet)
rElec   .            G - +0 cloak
rCorr   +            (no gloves)
SInv    .            m - +0 pair of boots
Will    .....        f - amulet of regeneration
Stlth   ++           q - +6 ring of strength
HPRegen 1.10/turn    w - +6 ring of strength
MPRegen 0.17/turn

%: no passive effects
@: attractive, wreathed by umbra
A: claws 2, thin metallic scales 1, foul stench 1, powered by pain 1, large bone
plates 1, deformed body, inability to read after injury 1
a: Renounce Religion, Light the Black Torch, Recall Undead Harvest


You were on level 7 of the Dungeon.
You worshipped Yredelemnul.
Yredelemnul was noncommittal.
You visited 1 branch of the dungeon, and saw 7 of its levels.

You collected 449 gold pieces.

Inventory:

Hand Weapons
 b - a +0 club
 t - a +2 dagger of protection
 C - a +4 halberd
 E - the +11 rapier of the Queen (weapon) {venom, rCorr}
   (You found it on level 7 of the Dungeon)

   rCorr:     It protects you from acid and corrosion.
Armour
 a - a +0 robe
 d - a +0 ring mail (worn)
 m - a +0 pair of boots (worn)
 G - a +0 cloak (worn)
Jewellery
 f - an amulet of regeneration (around neck)
 k - an amulet of faith
 q - a +6 ring of strength (left claw)
 v - a +4 ring of protection
 w - a +6 ring of strength (right claw)
 y - an amulet of the acrobat
 F - an amulet of reflection
Wands
 o - a wand of charming (10)
 r - a wand of polymorph (10)
 s - a wand of iceblast (6)
 B - a wand of digging (5)
Scrolls
 g - 2 scrolls of fog
 h - 6 scrolls of identify
 l - 3 scrolls of teleportation
 n - a scroll of amnesia
 p - a scroll of torment {unknown}
 x - 2 scrolls of immolation {unknown}
Potions
 c - 3 potions of curing {unknown}
 e - a potion of brilliance {unknown}
 i - a potion of enlightenment {unknown}
 j - a potion of mutation
 u - a potion of haste {unknown}
 A - a potion of magic
 D - a potion of cancellation {unknown}


   Skills:
 + Level 2.8 Fighting
 - Level 2.5(2.7) Short Blades
 * Level 1.3(2.1) Long Blades
 + Level 0.2 Maces & Flails
 + Level 5.1 Armour
 + Level 3.9 Dodging
 + Level 2.8 Stealth
 + Level 0.1 Unarmed Combat
 + Level 7.6 Spellcasting
 + Level 9.6 Necromancy
 + Level 1.3 Evocations


You had 10 spell levels left.
You knew the following spells:

 Your Spells              Type           Power      Damage    Failure   Level
a - Necrotise             Necr           100%       1d9       1%          1
b - Vampiric Draining     Necr           34%        2d8       1%          3
c - Animate Dead          Necr           34%        N/A       3%          4
d - Curse of Agony        Necr           34%        N/A       10%         5

Your spell library contained the following spells:

 Spells                   Type           Power      Damage    Failure   Level
 Shock                    Conj/Air       20%        1d4       19%         1
 Dazzling Flash           Conj/Hex       10%        N/A       50%         3
 Mephitic Cloud           Conj/Alch/Air  5%         N/A       50%         3
 Swiftness                Air            5%         N/A       50%         3
 Airstrike                Air            2%         2d(1-17)  88%         4
 Leda's Liquefaction      Alch/Erth      2%         N/A       88%         4
 Petrify                  Alch/Erth      5%         N/A       88%         4
 Metabolic Englaciation   Hex/Ice        2%         N/A       99%         5
 Silence                  Hex/Air        2%         N/A       99%         5


Dungeon Overview and Level Annotations

Branches:
Dungeon (7/15)             Temple (0/1) D:4

Altars:
Ashenzari
Fedhas
Hepliaklqana
Sif Muna
Xom
Yredelemnul

Shops:
D:1 ?

Portals:
Abyss: D:7

Annotations:
D:7 1 transporter, Loveship's ghost, novice MDCA


Innate Abilities, Weirdness & Mutations

You have very sharp fingernails.
You are partially covered in thin metallic scales. (AC +2)
You may rarely emit foul miasma when damaged in melee.
You sometimes gain a little power by taking damage.
You are partially covered in large bone plates. (SH +4)
Armour fits poorly on your strangely shaped body.
You occasionally lose the ability to read scrolls when taking damage.


Message History

The small abomination hits you but does no damage.
You hit the small abomination.
The small abomination is lightly damaged.
The small abomination hits you.
You puncture the small abomination!
The small abomination is heavily damaged.
The small abomination closely misses you.
You puncture the small abomination!
The small abomination is almost destroyed.
The small abomination closely misses you.
You hit the small abomination but do no damage.
The small abomination is almost destroyed.
The small abomination hits you but does no damage.
The small abomination hits you!
You focus on the pain.
You feel your power returning.
You barely miss the small abomination.
The small abomination is almost destroyed.
The small abomination hits you but does no damage.
The small abomination closely misses you.
You closely miss the small abomination.
The small abomination is almost destroyed.
The small abomination hits you.
The small abomination barely misses you.
The small abomination hits you!
You puncture the small abomination!
You destroy the small abomination!
The small abomination hits you but does no damage.
The small abomination closely misses you.
Okay, then.
You enter a dispersal trap!
The small abomination blinks! x3; You blink.
The small abomination hits you!
* * * LOW HITPOINT WARNING * * *
Okay, then.
It was a potion of mutation.
You feel extremely strange.
Your body twists and deforms.
You occasionally lose the ability to read scrolls when taking damage.
Large bone plates grow over parts of your arms.
The small abomination hits you!
You die...
Your body rises from the dead as a mindless zombie.

.♣♣
#####.##.)#..##...###.#.##..
'##
#.....##..#...##....#..##...
..#
#.....##..##..§###©##..##...
..#
#....Z##..)###..####.##.##..
..#
#......#.....#...x...##.©#..
###
#...........##.##..##..§##..
#..........##.#§....##.##...
####.........##x§.####.?^.#....
#............#@.###.Z##...##...
#######......##.###...###§##...
#.......###.......####...
#........................
#........................
#........######..#).#....
#........# ##))..#####
########## ####..# ####..#


You could see a small abomination.

Vanquished Creatures
  A deep elf pyromancer (D:7)
  A toenail golem (D:7)
  A hornet (D:7)
  Eustachio (D:4)
  A steam dragon (D:5)
  A small abomination (D:7)
  A water moccasin (D:4)
  3 black bears
  2 ogres (D:5)
  2 bullfrogs
  10 wights (D:7)
  An electric eel (D:6)
  A bombardier beetle (D:4)
  3 hounds
  2 jellies
  An orc priest (D:7)
  Crazy Yiuf (D:7)
  Ijyb (D:4)
  3 sleepcaps
  5 iguanas
  An orc wizard (D:5)
  7 adders
  A shadow imp (D:6)
  A white imp (D:5)
  2 ufetubi (D:6)
  3 ribbon worms
  18 orcs
  7 ball pythons
  6 endoplasms
  3 giant cockroaches
  12 goblins
  9 hobgoblins
  A jackal (D:5)
  5 kobolds
  7 quokkas
  6 bats
  A frilled lizard (D:2)
  7 rats
139 creatures vanquished.

Vanquished Creatures (collateral kills)
  An ice beast (D:7)
  A black bear (D:6)
  2 ogres
  A bullfrog (D:6)
  A wight (D:7)
  2 bombardier beetles
  2 iguanas (D:6)
  An adder (D:2)
  A dart slug (D:4)
  4 orcs (D:5)
  An endoplasm (D:4)
  A goblin (D:2)
  A hobgoblin (D:2)
  A jackal (D:5)
  2 rats
22 creatures vanquished.

Vanquished Creatures (others)
  A wight (D:7)
  2 bullfrog zombies
  A steam dragon zombie (D:5)
  3 iguana zombies
  A jelly zombie (D:6)
  A spectral white imp (D:5)
  An adder zombie (D:5)
  7 orc zombies
  2 spectral ufetubi (D:6)
19 creatures vanquished.

Grand Total: 180 creatures vanquished

Notes
Turn   | Place    | Note
-------+----------+-------------------------------------------
     0 | D:1      | PriceMaster the Demonspawn Necromancer began the quest for
                  | the Orb.
     0 | D:1      | Reached XP level 1. HP: 13/13 MP: 3/3
    94 | D:1      | Found Baame's Magic Scroll Emporium.
   177 | D:1      | Found a faded altar of an unknown god.
   224 | D:1      | Gained mutation: You may rarely emit foul miasma when
                  | damaged in melee. [demonic ancestry]
   224 | D:1      | Reached XP level 2. HP: 19/19 MP: 3/5
   786 | D:1      | Reached skill level 5 in Necromancy
  1138 | D:2      | Reached XP level 3. HP: 24/24 MP: 0/6
  2186 | D:2      | Learned a level 3 spell: Vampiric Draining
  2282 | D:3      | Found a broken altar of Ashenzari.
  2369 | D:3      | Reached skill level 1 in Armour
  2369 | D:3      | Gained mutation: You have sharp fingernails. [demonic
                  | ancestry]
  2369 | D:3      | Reached XP level 4. HP: 30/30 MP: 1/8
  2875 | D:3      | Found a shimmering altar of Xom.
  3531 | D:4      | Gained mutation: You sometimes gain a little power by
                  | taking damage. [demonic ancestry]
  3531 | D:4      | Reached XP level 5. HP: 31/35 MP: 4/9
  3602 | D:4      | Found a blossoming altar of Fedhas.
  3829 | D:4      | Reached skill level 6 in Necromancy
  4133 | D:4      | Gained mutation: You are partially covered in thin metallic
                  | scales. (AC +2) [demonic ancestry]
  4133 | D:4      | Reached XP level 6. HP: 42/42 MP: 4/11
  4195 | D:4      | Noticed Eustachio
  4196 | D:4      | Noticed a water moccasin
  4209 | D:4      | Killed a water moccasin
  4218 | D:4      | Killed Eustachio
  4219 | D:4      | Reached skill level 7 in Necromancy
  4219 | D:4      | Reached XP level 7. HP: 45/47 MP: 6/13
  4336 | D:4      | Found a staircase to the Ecumenical Temple.
  4368 | D:4      | Found a basalt altar of Yredelemnul.
  4475 | D:4      | Noticed Ijyb
  4490 | D:4      | Killed Ijyb
  4747 | D:4      | Learned a level 4 spell: Animate Dead
  4948 | D:4      | Became a worshipper of Yredelemnul the Fallen
  5176 | D:5      | Entered Level 5 of the Dungeon
  5180 | D:5      | Reached skill level 5 in Spellcasting
  5223 | D:5      | Reached skill level 1 in Fighting
  5547 | D:5      | Noticed a steam dragon
  5563 | D:5      | Killed a steam dragon
  5564 | D:5      | Reached XP level 8. HP: 53/54 MP: 6/16
  5973 | D:5      | Found a shimmering blue altar of Sif Muna.
  6081 | D:6      | Reached skill level 8 in Necromancy
  6131 | D:6      | Found a hazy altar of Hepliaklqana.
  6433 | D:6      | Reached skill level 1 in Short Blades
  7206 | D:7      | Found a transporter.
  7224 | D:7      | Found a one-way gate to the infinite horrors of the Abyss.
  7224 | D:7      | Noticed Loveship's ghost (novice MDCA)
  7256 | D:7      | Gained mutation: You have very sharp fingernails. [demonic
                  | ancestry]
  7256 | D:7      | Reached XP level 9. HP: 42/61 MP: 19/19
  7274 | D:7      | Noticed a toenail golem
  7354 | D:7      | Learned a level 5 spell: Curse of Agony
  7643 | D:7      | Reached skill level 1 in Evocations
  7839 | D:7      | Noticed a deep elf pyromancer
  7859 | D:7      | Killed a deep elf pyromancer
  7860 | D:7      | Reached skill level 5 in Armour
  7923 | D:7      | Reached skill level 9 in Necromancy
  8170 | D:7      | Identified the +11 rapier of the Queen {venom, rCorr}
  8192 | D:7      | Found a runed translucent door.
  8193 | D:7      | Noticed Crazy Yiuf
  8324 | D:7      | Found a transporter.
  8500 | D:7      | Killed Crazy Yiuf
  8658 | D:7      | Killed a toenail golem
  8659 | D:7      | Reached skill level 1 in Long Blades
  8670 | D:7      | Gained mutation: Armour fits poorly on your strangely
                  | shaped body. [potion of mutation]
  8670 | D:7      | Gained mutation: You occasionally lose the ability to read
                  | scrolls when taking damage. [potion of mutation]
  8670 | D:7      | Gained mutation: You are partially covered in large bone
                  | plates. (SH +4) [potion of mutation]
  8670 | D:7      | Mangled by a small abomination

Illustrated notes

Levels and vault maps discovered:
D:1:      eino_arrival_cavern_e, layout_loops_ring, serial_shops, shop,
          shapermc_ecumenical_altar_starsandcircs
D:2:      layout_loops_ring
D:3:      layout_loops_corners, ashenzari_altar_1, lemuel_round_altar,
          hex_medium
D:4:      kennysheep_the_goblin_king, layout_loops_ring,
          yredelemnul_altar_generic, mainiacjoe_overflow_concentric_impassable,
          minmay_temple_entry_ruins, uniq_eustachio
D:5:      layout_rooms, overflow_temple_1_default, grunt_decor_cap,
          chequers_arboretum, chequers_serial_rivers_small_a
D:6:      layout_basic, nicolae_elyvilon_temple_path, amcnicky_altar_gilded,
          serial_library_regret_index_split_case, nicolae_fountain_basement
D:7:      layout_basic, gammafunk_ghost_abyssal_escape, minmay_misc_feat_chi,
          guppyfry_early_elven_hall, uniq_crazy_yiuf_cottage

Skill      XL: |  1  2  3  4  5  6  7  8  9 |
---------------+----------------------------+-----
Necromancy     | 5 6 7 8 9 |  9.6
Stealth        | 2 |  2.8
Dodging        | 2 3 |  3.9
Armour         | 1 2 4 5 |  5.1
Spellcasting   | 3 4 5 6 7 |  7.6
Fighting       | 1 2 |  2.8
Short Blades   | 1 2 |  2.5
Evocations     | 1 |  1.3
Long Blades    | 1 |  1.3
Maces & Flails | |  0.2
Unarmed Combat | |  0.1

Action                     |  1- 3 |  4- 6 |  7- 9 || total
---------------------------+-------+-------+-------++-------
  Melee: Unarmed           |    47 |       |       ||    47
         Club              |    17 |    99 |     7 ||   123
         Punch             |     1 |       |       ||     1
         Dagger            |       |       |   245 ||   245
         Rapier            |       |       |    42 ||    42
   Cast: Necrotise         |    74 |    70 |    79 ||   223
         Vampiric Draining |       |     3 |    16 ||    19
         Animate Dead      |       |       |     1 ||     1
         Curse of Agony    |       |       |     3 ||     3
 Invoke: Light the Black T |       |       |     1 ||     1
  Evoke: Wand              |       |     1 |    14 ||    15
    Use: Potion            |     2 |       |     2 ||     4
         Scroll            |     1 |       |     4 ||     5
   Stab: Sleeping          |     1 |       |       ||     1
         Distracted        |       |       |     1 ||     1
 Armour: Ring mail         |    71 |   108 |   275 ||   454
  Dodge: Dodged            |    50 |    99 |   293 ||   442

Table legend: (Time is in decaauts)
 A = Elapsed time spent in this place.
 B = Non-inter-level travel time spent in this place.
 C = Inter-level travel time spent in this place.
 D = Time resting spent in this place.
 E = Time spent auto-exploring this place.
 F = Levels seen in this place.
 G = Mean time per level.
                   A        B        C        D        E       F      G
               +--------+--------+--------+--------+--------+-----+--------+
         Total |   8697 |   8397 |    300 |   2145 |   4663 |   7 | 1242.4 |
       Dungeon |   8697 |   8397 |    300 |   2145 |   4663 |   7 | 1242.4 |
               +--------+--------+--------+--------+--------+-----+--------+

Top non-repeatable levels by time:
     D:4: 1863 daAuts
     D:7: 1483 daAuts
     D:2: 1270 daAuts
     D:6: 1145 daAuts
     D:3: 1139 daAuts
     D:1: 937 daAuts
     D:5: 858 daAuts
